 Dungeon Crawl Stone Soup version 0.29.1-12-g30fa7ad0bf (webtiles) character file.

Game seed: 10600594285008627216

81143 mopl the Nimble (level 15, -30/122 HPs)
             Began as a Gnoll Monk on Dec 26, 2022.
             Was a High Priest of Okawaru.
             Killed from afar by a tengu reaver (60 damage)
             ... with a bolt of acid
             ... on level 12 of the Dungeon on Dec 27, 2022.
             The game lasted 00:53:30 (23794 turns).

mopl the Nimble (Gnoll Monk)                       Turns: 23794, Time: 00:53:30

Health: -30/122    AC: 21    Str: 17    XL:     15   Next: 69%
Magic:  29/29      EV: 19    Int: 19    God:    Okawaru [*****.]
Gold:   652        SH: 14    Dex: 19    Spells: 35/35 levels left

rFire   . . .      SeeInvis .   a - +2 demon trident (vamp)
rCold   . . .      Faith    +   x - +0 kite shield
rNeg    + . .      Spirit   .   T - +4 scale mail {Will+}
rPois   +          Reflect  .   L - +0 helmet of Coinkaon {Rampage Int+4}
rElec   .          Harm     .   A - +0 cloak
rCorr   .          Rampage  +   Y - +0 pair of gloves "Vonet" {rPois Will+ Str-5 Int+3}
Will    +++..                   K - +0 pair of boots
Stlth   +++++.....              p - amulet of faith {!P}
HPRegen 0.30/turn               X - ring "Sobep" {Wiz Str+4 Dex+4}
MPRegen 0.21/turn               J - ring "Damioj" {rN+ Int+3 Slay+2}

@: heroic
A: fangs 1, strong nose, distributed training
a: Renounce Religion, Heroism, Finesse, Duel


You were on level 12 of the Dungeon.
You worshipped Okawaru.
Okawaru was extremely pleased with you.
You visited 3 branches of the dungeon, and saw 19 of its levels.
You also visited: Bailey, Gauntlet and Volcano.

You collected 2458 gold pieces.
You spent 1806 gold pieces at shops.

Inventory:

Hand Weapons
 a - a +2 vampiric demon trident (weapon)
 b - a +3 spear of venom
 Q - the +6 falchion of Starshine {vorpal, rC++ MP+9}
   (Okawaru gifted it to you on level 2 of the Orcish Mines)

   It inflicts extra damage upon your enemies.
   rC:        It greatly protects you from cold.
   MP:        It affects your magic capacity (+9).
Missiles
 l - 17 boomerangs
 o - 47 poisoned darts (quivered)
 q - 22 javelins
 y - 10 atropa-tipped darts
Armour
 x - a +0 kite shield (worn)
 A - a +0 cloak (worn)
 K - a +0 pair of boots (worn)
 L - the +0 helmet of Coinkaon (worn) {Rampage Int+4}
   (Okawaru gifted it to you on level 5 of the Lair of Beasts)

   Int:       It affects your intelligence (+4).
   Rampage:   It bestows one free step when moving towards enemies.
 T - a +4 scale mail of willpower (worn)
 Y - the +0 pair of gloves "Vonet" (worn) {rPois Will+ Str-5 Int+3}
   (Okawaru gifted it to you on level 5 of the Lair of Beasts)

   Str:       It affects your strength (-5).
   Int:       It affects your intelligence (+3).
   rPois:     It protects you from poison.
   Will:      It increases your willpower.
Jewellery
 p - an amulet of faith (around neck) {!P}
 E - a ring of protection from fire
 J - the ring "Damioj" (right hand) {rN+ Int+3 Slay+2}
   (You found it in a Gauntlet)

   [ring of positive energy]

   Int:       It affects your intelligence (+3).
   Slay:      It affects your accuracy & damage with ranged weapons and melee
   (+2).
   rN:        It protects you from negative energy.
 X - the ring "Sobep" (left hand) {Wiz Str+4 Dex+4}
   (You found it in a Gauntlet)

   [ring of wizardry]

   It improves your spell success rate.
   Str:       It affects your strength (+4).
   Dex:       It affects your dexterity (+4).
Wands
 s - a wand of iceblast (23)
 w - a wand of digging (3)
 C - a wand of mindburst (16)
 H - a wand of acid (4)
 O - a wand of polymorph (15)
 P - a wand of flame (39)
Scrolls
 c - 3 scrolls of poison
 d - 4 scrolls of immolation
 h - 5 scrolls of fear
 j - 2 scrolls of blinking
 m - 11 scrolls of teleportation
 z - 8 scrolls of vulnerability
 I - a scroll of magic mapping
 M - a scroll of silence {!r}
Potions
 e - 8 potions of flight
 f - 2 potions of mutation {!q}
 g - 4 potions of resistance
 i - 12 potions of curing
 k - a potion of cancellation
 r - 3 potions of invisibility
 t - 4 potions of haste
 u - 4 potions of berserk rage {!q}
 B - 5 potions of heal wounds
 D - 3 potions of might
 G - a potion of magic
 R - 3 potions of lignification {!q}
 Z - a potion of ambrosia
Miscellaneous
 S - a lightning rod (4/4)
 U - a phial of floods


   Skills:
 + Level 12.4(17.4) Fighting
 + Level 10.6(15.6) Short Blades
 + Level 10.6(15.6) Long Blades
 + Level 10.6(15.6) Axes
 + Level 12.4(17.4) Maces & Flails
 + Level 10.6(15.6) Polearms
 + Level 10.6(15.6) Staves
 + Level 10.6(15.6) Ranged Weapons
 + Level 10.6(15.6) Throwing
 + Level 10.6(15.6) Armour
 + Level 12.4(17.4) Dodging
 + Level 11.4(16.4) Stealth
 + Level 10.6(15.6) Shields
 + Level 10.6(15.6) Unarmed Combat
 + Level 10.6 Spellcasting
 + Level 9.0 Conjurations
 + Level 9.0 Hexes
 + Level 9.0 Summonings
 + Level 9.0 Necromancy
 + Level 9.0 Translocations
 + Level 9.0 Transmutations
 + Level 9.0 Fire Magic
 + Level 9.0 Ice Magic
 + Level 9.0 Air Magic
 + Level 9.0 Earth Magic
 + Level 9.0 Poison Magic
 + Level 11.6 Invocations
 + Level 10.6 Evocations


You had 35 spell levels left.
You didn't know any spells.
Your spell library contained the following spells:

 Spells                   Type           Power      Damage    Failure   Level
 Apportation              Tloc           88%        N/A       1%          1
 Magic Dart               Conj           100%       1d8       1%          1
 Ensorcelled Hibernation  Hex/Ice        88%        N/A       1%          2
 Passwall                 Tmut/Erth      36%        N/A       1%          2
 Searing Ray              Conj           88%        2d7       1%          2
 Static Discharge         Conj/Air       44%        3-9/arc   1%          2
 Confusing Touch          Hex            44%        N/A       1%          3
 Gell's Gravitas          Tloc           44%        N/A       1%          3
 Portal Projectile        Hex/Tloc       88%        N/A       1%          3
 Swiftness                Air            44%        N/A       1%          3
 Teleport Other           Tloc           44%        N/A       1%          3
 Dispel Undead            Necr           44%        3d17      2%          4
 Fulminant Prism          Conj/Hex       22%        3d13      2%          4
 Hailstorm                Conj/Ice       44%        3d10      2%          4
 Olgreb's Toxic Radiance  Pois           44%        N/A       2%          4
 Sticky Flame             Conj/Fire      44%        2d6       2%          4
 Alistair's Intoxication  Tmut/Pois      29%        N/A       8%          5
 Blade Hands              Tmut           22%        N/A       8%          5
 Fireball                 Conj/Fire      22%        3d10      8%          5
 Freezing Cloud           Conj/Ice/Air   22%        6-21      8%          5
 Iskenderun's Battlesphe  Conj           44%        2d10      8%          5
 Yara's Violent Unravell  Hex/Tmut       22%        3d10      8%          5
 Conjure Ball Lightning   Conj/Air       22%        3x3d6     38%         6
 Dispersal                Tloc           22%        N/A       38%         6
 Starburst                Conj/Fire      22%        6d7       38%         6
 Enfeeble                 Hex            22%        N/A       89%         7
 Orb of Destruction       Conj           22%        9d8       89%         7
 Ozocubu's Refrigeration  Ice            22%        4d12      89%         7
 Storm Form               Tmut/Air       22%        N/A       89%         7
 Borgnjor's Revivificati  Necr           22%        N/A       100%        8
 Ignition                 Fire           22%        3d8       100%        8
 Maxwell's Capacitive Co  Air            22%        ∞         100%        8
 Necromutation            Tmut/Necr      22%        N/A       100%        8
 Death's Door             Necr           22%        N/A       100%        9
 Tukima's Dance           Hex            Unusable   N/A       N/A         3
 Summon Lightning Spire   Summ/Air       Unusable   N/A       N/A         4

Dungeon Overview and Level Annotations

Branches:
Dungeon (12/15)            Temple (0/1) D:5            Lair (5/5) D:10
 Shoals (0/4) Lair:2        Snake (0/4) Lair:2        Slime (0/5) Lair:5
    Orc (2/2) D:10            Elf (0/3) Orc:2        Bailey (visited)
Volcano (visited)         Gauntlet (visited)

Altars:
Ashenzari
Dithmenos
Fedhas
Hepliaklqana
Makhleb
Okawaru
Qazlal
Ru
Sif Muna
Trog
Uskayaw
Vehumet
Xom
Yredelemnul
Jiyva

Shops:
D:1 :   D:2 *   D:10 *   Orc:1 *   Orc:2 ((!:

Annotations:
D:10 1 runed translucent door, boyan's ghost, journeyman DECj


Innate Abilities, Weirdness & Mutations

You have very sharp teeth.
Your uncanny sense of smell can sniff out nearby items.
Your experience applies equally to all skills.


Message History

The efreet is moderately wounded.
The efreet gestures at you. The bolt of fire hits you!!
You hit the efreet.
The efreet is heavily wounded.
You hit the efreet but do no damage.
The efreet is heavily wounded.
You hear some strange, mumbled words.
A fireball appears from out of thin air!
The fireball explodes!
The fireball engulfs the efreet.
The efreet completely resists.
The fireball engulfs you!!
The fireball engulfs something!!
The efreet gestures at you. The bolt of fire hits you!
You impale the efreet!!
The efreet is almost dead.
The efreet gestures at you. The bolt of fire misses you.
You puncture the efreet!
You kill the efreet!
Okawaru accepts your kill. Something hits you.
There is an open door, spattered with blood here.
Items here: ))) [ ††.
You barely miss something. Your bite misses something.
Something hits you but does no damage.
You puncture something!
You feel better. Okawaru accepts your kill.
Reactivating autopickup.
You feel a bit more experienced.
A tengu reaver comes into view. It is wielding a +0 war axe.
You rampage towards the tengu reaver!
The tengu reaver gestures at you while chanting.
The bolt of lightning hits you!!!
* * * LOW HITPOINT WARNING * * *
There is an open door here.
You feel much better.
The tengu reaver gestures at you while chanting.
The bolt of acid hits you!!!
You die...

###### ## ...#..
######. ...'. #..#.#.
...# #...... ##'##
#.##... ###...#∆ ∆
#...... #.)...# #......
#.#)..#∆ ∆ ∆ #......
#.##@## #......
##.#...# #.....#
##..#...Q. #......
#...#...#... #..<...
##..#############......
#.........†............
###.###...†#...........
#....#.####..........
#...#### #..........


You could see a tengu reaver.

Vanquished Creatures
  Rupert (Lair:3)
  A minotaur (Gauntlet)
  A fire dragon (Lair:5)
  Fannar (Lair:3)
  4 hydras
  A boulder beetle (Lair:5)
  An anaconda (Lair:5)
  A centaur warrior (D:12)
  2 two-headed ogres
  A catoblepas (Lair:3)
  12 death yaks
  A death scarab (Gauntlet)
  3 orc high priests (Orc:2)
  Urug (D:10)
  A hell knight (Volcano)
  Nergalle (Orc:1)
  A death drake (Gauntlet)
  A swamp dragon (Lair:5)
  2 wizards (D:12)
  A wolf spider zombie (Gauntlet)
  8 orc knights
  2 deep elf pyromancers
  5 orc sorcerers (Orc:2)
  3 oklob plants (Lair:4)
  2 manticores (D:12)
  3 elephants (Lair:5)
  An ice statue (Gauntlet)
  A centaur zombie (Gauntlet)
  8 black mambas
  A smoke demon (Volcano)
  18 cane toads
  7 rime drakes
  A tengu conjurer (D:12)
  An efreet (D:12)
  6 komodo dragons
  15 polar bears
  5 red devils (Volcano)
  Grinder (D:3)
  2 trolls
  8 slime creatures
  A spectral dream sheep (Gauntlet)
  5 dream sheep (Lair:3)
  17 blink frogs
  3 shadows
  4 wyverns
  2 basilisks
  4 wraiths
  57 yaks
  3 steam dragons (Lair:5)
  7 vampire mosquitoes
  10 wargs
  2 nagas (Lair:2)
  11 water moccasins
  4 acid dragons
  15 hell hounds (Lair:5)
  A floating eye (Lair:4)
  A swamp drake (Lair:5)
  14 black bears
  27 orc warriors
  3 ice beasts
  3 ogres (Orc:1)
  3 centaurs
  28 wolves
  5 phantoms
  3 kobold brigands
  7 bullfrogs
  A necrophage (D:5)
  3 gnoll sergeants
  4 scorpions
  15 wights
  2 troll zombies (D:10)
  3 howler monkeys (D:9)
  An electric eel (Lair:3)
  4 crimson imps (D:11)
  4 hounds
  4 jellies
  Crazy Yiuf (D:3)
  17 orc priests
  A gnoll bouda (D:7)
  Jessica (D:3)
  7 iguanas
  19 orc wizards
  6 ogre zombies (D:10)
  8 adders
  17 gnolls
  A shadow imp (D:5)
  A white imp (D:8)
  2 ufetubi (D:5)
  A dart slug (D:5)
  69 orcs
  8 endoplasms
  A giant cockroach (D:1)
  8 goblins
  9 hobgoblins
  6 jackals
  3 quokkas
  8 ball pythons
  8 bats
  4 frilled lizards
  3 goblin zombies (D:10)
  5 hobgoblin zombies (D:10)
  16 kobolds
  3 orc skeletons (D:10)
  14 orc zombies (D:10)
  6 rats
670 creatures vanquished.

Vanquished Creatures (others)
  A basilisk (Lair:5)
  An orc wizard (Orc:2)
  20 fungi
  65 plants
87 creatures vanquished.

Grand Total: 757 creatures vanquished

Notes
Turn   | Place    | Note
-------+----------+-------------------------------------------
     0 | D:1      | mopl the Gnoll Monk began the quest for the Orb.
     0 | D:1      | Reached XP level 1. HP: 23/23 MP: 1/1
   116 | D:1      | Reached XP level 2. HP: 25/29 MP: 2/2
   404 | D:1      | Reached XP level 3. HP: 22/35 MP: 3/3
   440 | D:1      | Found a faded altar of an unknown god.
   461 | D:1      | Found Ryat's Book Shoppe.
   473 | D:1      | Prayed at the altar of an unknown god.
   473 | D:1      | Became a worshipper of Warmaster Okawaru
   473 | D:1      | Reached * piety under Okawaru
   473 | D:1      | Reached ** piety under Okawaru
  1044 | D:2      | Reached skill level 1 in Invocations
  1471 | D:2      | Reached skill level 1 in Short Blades
  1471 | D:2      | Reached skill level 1 in Long Blades
  1471 | D:2      | Reached skill level 1 in Axes
  1471 | D:2      | Reached skill level 1 in Polearms
  1471 | D:2      | Reached skill level 1 in Staves
  1471 | D:2      | Reached skill level 1 in Ranged Weapons
  1471 | D:2      | Reached skill level 1 in Throwing
  1471 | D:2      | Reached skill level 1 in Armour
  1471 | D:2      | Reached skill level 1 in Shields
  1471 | D:2      | Reached skill level 1 in Unarmed Combat
  1471 | D:2      | Reached skill level 1 in Spellcasting
  1471 | D:2      | Reached skill level 1 in Evocations
  1558 | D:2      | Reached XP level 4. HP: 32/41 MP: 5/5
  1603 | D:2      | Found Neerych's General Store.
  1611 | D:2      | Bought a scroll of identify for 28 gold pieces
  1885 | D:3      | Reached skill level 1 in Conjurations
  1885 | D:3      | Reached skill level 1 in Hexes
  1885 | D:3      | Reached skill level 1 in Summonings
  1885 | D:3      | Reached skill level 1 in Necromancy
  1885 | D:3      | Reached skill level 1 in Translocations
  1885 | D:3      | Reached skill level 1 in Transmutations
  1885 | D:3      | Reached skill level 1 in Fire Magic
  1885 | D:3      | Reached skill level 1 in Ice Magic
  1885 | D:3      | Reached skill level 1 in Air Magic
  1885 | D:3      | Reached skill level 1 in Earth Magic
  1885 | D:3      | Reached skill level 1 in Poison Magic
  1891 | D:3      | Reached *** piety under Okawaru
  1892 | D:3      | Reached XP level 5. HP: 17/47 MP: 4/7
  1933 | D:3      | Noticed Grinder
  1935 | D:3      | Paralysed by Grinder for 4 turns
  1953 | D:3      | Paralysed by Grinder for 3 turns
  1959 | D:3      | HP: 2/47 [Grinder (10)]
  1962 | D:3      | Killed Grinder
  1962 | D:3      | Reached **** piety under Okawaru
  1963 | D:3      | Reached skill level 2 in Short Blades
  1963 | D:3      | Reached skill level 2 in Long Blades
  1963 | D:3      | Reached skill level 2 in Axes
  1963 | D:3      | Reached skill level 2 in Polearms
  1963 | D:3      | Reached skill level 2 in Staves
  1963 | D:3      | Reached skill level 2 in Ranged Weapons
  1963 | D:3      | Reached skill level 2 in Throwing
  1963 | D:3      | Reached skill level 2 in Armour
  1963 | D:3      | Reached skill level 2 in Shields
  1963 | D:3      | Reached skill level 2 in Unarmed Combat
  1963 | D:3      | Reached skill level 2 in Spellcasting
  1963 | D:3      | Reached skill level 2 in Invocations
  1963 | D:3      | Reached skill level 2 in Evocations
  1963 | D:3      | Reached XP level 6. HP: 8/53 MP: 7/9
  2282 | D:3      | Noticed Jessica
  2291 | D:3      | Killed Jessica
  2413 | D:3      | Found a runed translucent door.
  2414 | D:3      | Noticed Crazy Yiuf
  2494 | D:3      | Reached skill level 7 in Fighting
  2494 | D:3      | Reached skill level 7 in Maces & Flails
  2494 | D:3      | Reached skill level 7 in Dodging
  2494 | D:3      | Reached XP level 7. HP: 37/60 MP: 10/10
  2913 | D:3      | Killed Crazy Yiuf
  3001 | D:4      | Reached skill level 2 in Conjurations
  3001 | D:4      | Reached skill level 2 in Hexes
  3001 | D:4      | Reached skill level 2 in Summonings
  3001 | D:4      | Reached skill level 2 in Necromancy
  3001 | D:4      | Reached skill level 2 in Translocations
  3001 | D:4      | Reached skill level 2 in Transmutations
  3001 | D:4      | Reached skill level 2 in Fire Magic
  3001 | D:4      | Reached skill level 2 in Ice Magic
  3001 | D:4      | Reached skill level 2 in Air Magic
  3001 | D:4      | Reached skill level 2 in Earth Magic
  3001 | D:4      | Reached skill level 2 in Poison Magic
  3260 | D:4      | Reached skill level 5 in Stealth
  3260 | D:4      | Reached skill level 3 in Invocations
  3300 | D:4      | You fall into a shaft and drop 1 floor!
  3300 | D:5      | Entered Level 5 of the Dungeon
  3777 | D:4      | Found Nut Lauxt's Magic Scroll Emporium.
  3780 | D:4      | Bought a scroll of noise for 13 gold pieces
  3780 | D:4      | Bought a scroll of teleportation for 39 gold pieces
  3780 | D:4      | Bought a scroll of magic mapping for 97 gold pieces
  3805 | D:4      | Reached skill level 3 in Short Blades
  3805 | D:4      | Reached skill level 3 in Long Blades
  3805 | D:4      | Reached skill level 3 in Axes
  3805 | D:4      | Reached skill level 3 in Polearms
  3805 | D:4      | Reached skill level 3 in Staves
  3805 | D:4      | Reached skill level 3 in Ranged Weapons
  3805 | D:4      | Reached skill level 3 in Throwing
  3805 | D:4      | Reached skill level 3 in Armour
  3805 | D:4      | Reached skill level 3 in Shields
  3805 | D:4      | Reached skill level 3 in Unarmed Combat
  3805 | D:4      | Reached skill level 3 in Spellcasting
  3805 | D:4      | Reached skill level 3 in Evocations
  3805 | D:4      | Reached XP level 8. HP: 64/67 MP: 12/12
  3945 | D:4      | Bought a scroll of amnesia for 52 gold pieces
  3965 | D:5      | Found a shadowy altar of Dithmenos.
  3993 | D:5      | Found a radiant altar of Vehumet.
  4032 | D:5      | HP: 1/67 [iguana (9)]
  4336 | D:5      | Reached ***** piety under Okawaru
  4569 | D:5      | Found a staircase to the Ecumenical Temple.
  4954 | D:6      | Found a blossoming altar of Fedhas.
  4965 | D:6      | Reached skill level 3 in Conjurations
  4965 | D:6      | Reached skill level 3 in Hexes
  4965 | D:6      | Reached skill level 3 in Summonings
  4965 | D:6      | Reached skill level 3 in Necromancy
  4965 | D:6      | Reached skill level 3 in Translocations
  4965 | D:6      | Reached skill level 3 in Transmutations
  4965 | D:6      | Reached skill level 3 in Fire Magic
  4965 | D:6      | Reached skill level 3 in Ice Magic
  4965 | D:6      | Reached skill level 3 in Air Magic
  4965 | D:6      | Reached skill level 3 in Earth Magic
  4965 | D:6      | Reached skill level 3 in Poison Magic
  4965 | D:6      | Reached skill level 4 in Invocations
  5132 | D:6      | Reached XP level 9. HP: 19/69 MP: 14/14
  5209 | D:6      | Reached skill level 4 in Short Blades
  5209 | D:6      | Reached skill level 4 in Long Blades
  5209 | D:6      | Reached skill level 4 in Axes
  5209 | D:6      | Reached skill level 4 in Polearms
  5209 | D:6      | Reached skill level 4 in Staves
  5209 | D:6      | Reached skill level 4 in Ranged Weapons
  5209 | D:6      | Reached skill level 4 in Throwing
  5209 | D:6      | Reached skill level 4 in Armour
  5209 | D:6      | Reached skill level 4 in Shields
  5209 | D:6      | Reached skill level 4 in Unarmed Combat
  5209 | D:6      | Reached skill level 4 in Spellcasting
  5209 | D:6      | Reached skill level 4 in Evocations
  5379 | D:6      | Reached skill level 6 in Stealth
  6018 | D:7      | Reached skill level 8 in Fighting
  6018 | D:7      | Reached skill level 8 in Maces & Flails
  6018 | D:7      | Reached skill level 8 in Dodging
  6145 | D:7      | Found a stormy altar of Qazlal.
  6148 | D:7      | Found a broken altar of Ashenzari.
  6149 | D:7      | Found a burning altar of Makhleb.
  6150 | D:7      | Found a hazy altar of Hepliaklqana.
  6150 | D:7      | Found a shimmering blue altar of Sif Muna.
  6150 | D:7      | Found a bloodstained altar of Trog.
  6151 | D:7      | Found a hide-covered altar of Uskayaw.
  6151 | D:7      | Found an iron altar of Okawaru.
  6152 | D:7      | Found a sacrificial altar of Ru.
  6180 | D:7      | Found a basalt altar of Yredelemnul.
  6180 | D:7      | Found a shimmering altar of Xom.
  6275 | D:7      | Reached skill level 5 in Invocations
  6578 | D:7      | Reached skill level 4 in Conjurations
  6578 | D:7      | Reached skill level 4 in Hexes
  6578 | D:7      | Reached skill level 4 in Summonings
  6578 | D:7      | Reached skill level 4 in Necromancy
  6578 | D:7      | Reached skill level 4 in Translocations
  6578 | D:7      | Reached skill level 4 in Transmutations
  6578 | D:7      | Reached skill level 4 in Fire Magic
  6578 | D:7      | Reached skill level 4 in Ice Magic
  6578 | D:7      | Reached skill level 4 in Air Magic
  6578 | D:7      | Reached skill level 4 in Earth Magic
  6578 | D:7      | Reached skill level 4 in Poison Magic
  6777 | D:8      | Reached skill level 5 in Short Blades
  6777 | D:8      | Reached skill level 5 in Long Blades
  6777 | D:8      | Reached skill level 5 in Axes
  6777 | D:8      | Reached skill level 5 in Polearms
  6777 | D:8      | Reached skill level 5 in Staves
  6777 | D:8      | Reached skill level 5 in Ranged Weapons
  6777 | D:8      | Reached skill level 5 in Throwing
  6777 | D:8      | Reached skill level 5 in Armour
  6777 | D:8      | Reached skill level 5 in Shields
  6777 | D:8      | Reached skill level 5 in Unarmed Combat
  6777 | D:8      | Reached skill level 5 in Spellcasting
  6777 | D:8      | Reached skill level 5 in Evocations
  6777 | D:8      | Reached XP level 10. HP: 71/81 MP: 14/17
  6799 | D:8      | Found a flagged portal.
  6888 | Bailey   | Entered a bailey
  6945 | Bailey   | Received a gift from Okawaru
  6986 | Bailey   | Noticed an orc knight
  7005 | Bailey   | Killed an orc knight
  7019 | Bailey   | Found a large runed translucent door.
  7019 | Bailey   | Found a large runed translucent door.
  7020 | Bailey   | Noticed a deep elf pyromancer
  7040 | Bailey   | Killed a deep elf pyromancer
  7041 | Bailey   | Reached skill level 7 in Stealth
  7041 | Bailey   | Reached skill level 6 in Invocations
  7077 | Bailey   | Got the Secrets of the Salvo
  7504 | D:8      | Found the amulet of Elemental Vulnerability {rPois rF--
                  | rC-- AC+8}
  8179 | D:9      | Reached skill level 9 in Fighting
  8179 | D:9      | Reached skill level 6 in Short Blades
  8179 | D:9      | Reached skill level 6 in Long Blades
  8179 | D:9      | Reached skill level 6 in Axes
  8179 | D:9      | Reached skill level 9 in Maces & Flails
  8179 | D:9      | Reached skill level 6 in Polearms
  8179 | D:9      | Reached skill level 6 in Staves
  8179 | D:9      | Reached skill level 6 in Ranged Weapons
  8179 | D:9      | Reached skill level 6 in Throwing
  8179 | D:9      | Reached skill level 6 in Armour
  8179 | D:9      | Reached skill level 9 in Dodging
  8179 | D:9      | Reached skill level 6 in Shields
  8179 | D:9      | Reached skill level 6 in Unarmed Combat
  8179 | D:9      | Reached skill level 6 in Spellcasting
  8179 | D:9      | Reached skill level 6 in Evocations
  8624 | D:9      | Reached skill level 5 in Conjurations
  8624 | D:9      | Reached skill level 5 in Hexes
  8624 | D:9      | Reached skill level 5 in Summonings
  8624 | D:9      | Reached skill level 5 in Necromancy
  8624 | D:9      | Reached skill level 5 in Translocations
  8624 | D:9      | Reached skill level 5 in Transmutations
  8624 | D:9      | Reached skill level 5 in Fire Magic
  8624 | D:9      | Reached skill level 5 in Ice Magic
  8624 | D:9      | Reached skill level 5 in Air Magic
  8624 | D:9      | Reached skill level 5 in Earth Magic
  8624 | D:9      | Reached skill level 5 in Poison Magic
  8628 | D:9      | Reached XP level 11. HP: 89/89 MP: 20/20
  8715 | D:10     | Entered Level 10 of the Dungeon
  8898 | D:10     | Found a staircase to the Lair.
  8925 | Lair:1   | Entered Level 1 of the Lair of Beasts
  9033 | D:10     | Noticed Urug
  9053 | D:10     | Killed Urug
  9054 | D:10     | Reached skill level 7 in Invocations
  9219 | D:10     | Received a gift from Okawaru
  9332 | D:10     | Found a staircase to the Orcish Mines.
  9489 | D:10     | Found Tiruyna's CLEARANCE SALE!.
  9778 | D:10     | Found a runed translucent door.
  9779 | D:10     | Found a shimmering altar of Xom.
  9779 | D:10     | Noticed boyan's ghost (journeyman DECj)
  9779 | D:10     | Noticed a +0 morningstar of chaos
 10055 | D:4      | Bought a scroll of fear for 52 gold pieces
 10055 | D:4      | Bought a scroll of identify for 26 gold pieces
 10055 | D:4      | Bought a scroll of fear for 52 gold pieces
 10055 | D:4      | Bought a scroll of brand weapon for 123 gold pieces
 10055 | D:4      | Bought a scroll of teleportation for 39 gold pieces
 10055 | D:4      | Bought a scroll of teleportation for 39 gold pieces
 10322 | Lair:1   | Reached skill level 8 in Stealth
 11148 | Lair:1   | Received a gift from Okawaru
 11177 | Lair:1   | Reached skill level 7 in Short Blades
 11177 | Lair:1   | Reached skill level 7 in Long Blades
 11177 | Lair:1   | Reached skill level 7 in Axes
 11177 | Lair:1   | Reached skill level 7 in Polearms
 11177 | Lair:1   | Reached skill level 7 in Staves
 11177 | Lair:1   | Reached skill level 7 in Ranged Weapons
 11177 | Lair:1   | Reached skill level 7 in Throwing
 11177 | Lair:1   | Reached skill level 7 in Armour
 11177 | Lair:1   | Reached skill level 7 in Shields
 11177 | Lair:1   | Reached skill level 7 in Unarmed Combat
 11177 | Lair:1   | Reached skill level 7 in Spellcasting
 11177 | Lair:1   | Reached skill level 7 in Evocations
 11590 | Lair:1   | Reached XP level 12. HP: 97/97 MP: 20/22
 11658 | Lair:1   | Reached skill level 6 in Conjurations
 11658 | Lair:1   | Reached skill level 6 in Hexes
 11658 | Lair:1   | Reached skill level 6 in Summonings
 11658 | Lair:1   | Reached skill level 6 in Necromancy
 11658 | Lair:1   | Reached skill level 6 in Translocations
 11658 | Lair:1   | Reached skill level 6 in Transmutations
 11658 | Lair:1   | Reached skill level 6 in Fire Magic
 11658 | Lair:1   | Reached skill level 6 in Ice Magic
 11658 | Lair:1   | Reached skill level 6 in Air Magic
 11658 | Lair:1   | Reached skill level 6 in Earth Magic
 11658 | Lair:1   | Reached skill level 6 in Poison Magic
 11670 | Lair:1   | Reached skill level 8 in Invocations
 11681 | Lair:1   | Received a gift from Okawaru
 12121 | Lair:1   | Noticed a five-headed hydra
 12130 | Lair:1   | Killed a five-headed hydra
 12131 | Lair:1   | Reached skill level 10 in Fighting
 12131 | Lair:1   | Reached skill level 10 in Maces & Flails
 12131 | Lair:1   | Reached skill level 10 in Dodging
 12539 | Lair:2   | Found a staircase to the Snake Pit.
 13068 | Lair:2   | Identified the +10 mace of Bloodstone {flame, rPois Str+2
                  | Dex+4} (Okawaru gifted it to you on level 2 of the Lair of
                  | Beasts)
 13068 | Lair:2   | Received a gift from Okawaru
 13111 | Lair:2   | Found a staircase to the Shoals.
 13333 | Lair:3   | Reached skill level 9 in Stealth
 13808 | Lair:3   | Reached skill level 8 in Short Blades
 13808 | Lair:3   | Reached skill level 8 in Long Blades
 13808 | Lair:3   | Reached skill level 8 in Axes
 13808 | Lair:3   | Reached skill level 8 in Polearms
 13808 | Lair:3   | Reached skill level 8 in Staves
 13808 | Lair:3   | Reached skill level 8 in Ranged Weapons
 13808 | Lair:3   | Reached skill level 8 in Throwing
 13808 | Lair:3   | Reached skill level 8 in Armour
 13808 | Lair:3   | Reached skill level 8 in Shields
 13808 | Lair:3   | Reached skill level 8 in Unarmed Combat
 13808 | Lair:3   | Reached skill level 8 in Spellcasting
 13808 | Lair:3   | Reached skill level 8 in Evocations
 13960 | Lair:3   | Reached ****** piety under Okawaru
 13961 | Lair:3   | Reached XP level 13. HP: 62/104 MP: 25/25
 14285 | Lair:3   | Noticed Rupert
 14313 | Lair:3   | Killed Rupert
 14313 | Lair:3   | Received a gift from Okawaru
 14313 | Lair:3   | Received a gift from Okawaru
 14314 | Lair:3   | Reached skill level 9 in Invocations
 14320 | Lair:3   | HP: 7/156 [blink frog (10)]
 14749 | Lair:3   | Reached skill level 7 in Conjurations
 14749 | Lair:3   | Reached skill level 7 in Hexes
 14749 | Lair:3   | Reached skill level 7 in Summonings
 14749 | Lair:3   | Reached skill level 7 in Necromancy
 14749 | Lair:3   | Reached skill level 7 in Translocations
 14749 | Lair:3   | Reached skill level 7 in Transmutations
 14749 | Lair:3   | Reached skill level 7 in Fire Magic
 14749 | Lair:3   | Reached skill level 7 in Ice Magic
 14749 | Lair:3   | Reached skill level 7 in Air Magic
 14749 | Lair:3   | Reached skill level 7 in Earth Magic
 14749 | Lair:3   | Reached skill level 7 in Poison Magic
 15209 | Lair:3   | Noticed Fannar
 15236 | Lair:3   | Killed Fannar
 15558 | Lair:4   | Received a gift from Okawaru
 15906 | Lair:4   | Paralysed by a floating eye for 3 turns
 15922 | Lair:4   | Paralysed by a floating eye for 3 turns
 16424 | Lair:4   | Reached skill level 11 in Fighting
 16424 | Lair:4   | Reached skill level 11 in Maces & Flails
 16424 | Lair:4   | Reached skill level 11 in Dodging
 16570 | Lair:5   | Entered Level 5 of the Lair of Beasts
 16570 | Lair:5   | Found a staircase to the Slime Pits.
 16570 | Lair:5   | Found a viscous altar of Jiyva.
 16889 | Lair:4   | Received a gift from Okawaru
 17236 | Lair:5   | Reached skill level 9 in Short Blades
 17236 | Lair:5   | Reached skill level 9 in Long Blades
 17236 | Lair:5   | Reached skill level 9 in Axes
 17236 | Lair:5   | Reached skill level 9 in Polearms
 17236 | Lair:5   | Reached skill level 9 in Staves
 17236 | Lair:5   | Reached skill level 9 in Ranged Weapons
 17236 | Lair:5   | Reached skill level 9 in Throwing
 17236 | Lair:5   | Reached skill level 9 in Armour
 17236 | Lair:5   | Reached skill level 9 in Shields
 17236 | Lair:5   | Reached skill level 9 in Unarmed Combat
 17236 | Lair:5   | Reached skill level 9 in Spellcasting
 17236 | Lair:5   | Reached skill level 9 in Evocations
 17300 | Lair:5   | Reached skill level 10 in Stealth
 17347 | Lair:5   | Reached XP level 14. HP: 106/113 MP: 23/27
 17357 | Lair:5   | Received a gift from Okawaru
 17358 | Lair:5   | Reached skill level 10 in Invocations
 17378 | Lair:5   | Identified the +0 helmet of Coinkaon {Rampage Int+4}
                  | (Okawaru gifted it to you on level 5 of the Lair of Beasts)
 17378 | Lair:5   | Received a gift from Okawaru
 17818 | Lair:5   | Reached skill level 8 in Conjurations
 17818 | Lair:5   | Reached skill level 8 in Hexes
 17818 | Lair:5   | Reached skill level 8 in Summonings
 17818 | Lair:5   | Reached skill level 8 in Necromancy
 17818 | Lair:5   | Reached skill level 8 in Translocations
 17818 | Lair:5   | Reached skill level 8 in Transmutations
 17818 | Lair:5   | Reached skill level 8 in Fire Magic
 17818 | Lair:5   | Reached skill level 8 in Ice Magic
 17818 | Lair:5   | Reached skill level 8 in Air Magic
 17818 | Lair:5   | Reached skill level 8 in Earth Magic
 17818 | Lair:5   | Reached skill level 8 in Poison Magic
 17863 | Lair:5   | Identified the +0 pair of gloves "Vonet" {rPois Will+ Str-5
                  | Int+3} (Okawaru gifted it to you on level 5 of the Lair of
                  | Beasts)
 17863 | Lair:5   | Received a gift from Okawaru
 18439 | Lair:5   | Identified the +5 shortbow of Hell's Wrath {freeze, Stlth+}
 19164 | D:11     | Reached skill level 10 in Short Blades
 19164 | D:11     | Reached skill level 10 in Long Blades
 19164 | D:11     | Reached skill level 10 in Axes
 19164 | D:11     | Reached skill level 10 in Polearms
 19164 | D:11     | Reached skill level 10 in Staves
 19164 | D:11     | Reached skill level 10 in Ranged Weapons
 19164 | D:11     | Reached skill level 10 in Throwing
 19164 | D:11     | Reached skill level 10 in Armour
 19164 | D:11     | Reached skill level 10 in Shields
 19164 | D:11     | Reached skill level 10 in Unarmed Combat
 19164 | D:11     | Reached skill level 10 in Spellcasting
 19164 | D:11     | Reached skill level 10 in Evocations
 19297 | D:11     | Found a shimmering altar of Xom.
 19398 | D:11     | Received a gift from Okawaru
 19549 | Orc:1    | Entered Level 1 of the Orcish Mines
 19570 | Orc:1    | Reached XP level 15. HP: 112/120 MP: 29/29
 19699 | Orc:1    | Reached skill level 11 in Invocations
 19703 | Orc:1    | Noticed Nergalle
 19724 | Orc:1    | Killed Nergalle
 19725 | Orc:1    | Reached skill level 12 in Fighting
 19725 | Orc:1    | Reached skill level 12 in Maces & Flails
 19725 | Orc:1    | Reached skill level 12 in Dodging
 19785 | Orc:1    | Found a dark tunnel.
 19794 | Volcano  | Entered a volcano
 19835 | Volcano  | Reached skill level 11 in Stealth
 19899 | Volcano  | Identified the +5 chain mail of Pan-Flutes {rElec Stlth+}
 20121 | Orc:1    | Found Mabedyozy's Assorted Antiques.
 20351 | Orc:2    | Entered Level 2 of the Orcish Mines
 20563 | Orc:2    | Found a gate leading to a gauntlet.
 20584 | Gauntlet | Entered a Gauntlet
 20584 | Gauntlet | Found a transporter.
 20593 | Gauntlet | Found a transporter.
 20596 | Gauntlet | Found a transporter.
 20608 | Gauntlet | Found a transporter.
 20610 | Gauntlet | Found a transporter.
 20621 | Gauntlet | Found a transporter.
 20635 | Gauntlet | Found a runed translucent door.
 20636 | Gauntlet | Found a transporter.
 20637 | Gauntlet | Found a runed translucent door.
 20646 | Gauntlet | Found a transporter.
 20659 | Gauntlet | Found a transporter.
 20670 | Gauntlet | Found a transporter.
 20680 | Gauntlet | Found a runed translucent gate.
 20681 | Gauntlet | Found a transporter.
 20681 | Gauntlet | Found a runed translucent gate.
 20682 | Gauntlet | Found a runed translucent gate.
 20683 | Gauntlet | Found a transporter.
 20873 | Gauntlet | Found a transporter.
 20890 | Gauntlet | Identified the ring "Damioj" {rN+ Int+3 Slay+2}
 20957 | Gauntlet | Identified the ring "Sobep" {Wiz Str+4 Dex+4}
 21312 | Gauntlet | Identified the +8 quarterstaff of the Thirteen Thickets
                  | {pain, rElec}
 21448 | Orc:2    | Found a staircase to the Elven Halls.
 21866 | Orc:2    | Received a gift from Okawaru
 21878 | Orc:2    | Found Furot's Book Shop.
 21893 | Orc:2    | Received a gift from Okawaru
 21911 | Orc:2    | Found Meirchypeu's Distillery.
 21949 | Orc:2    | HP: 1/121 [red devil/+2 antimagic demon trident[an orc high
                  | priest] (10)]
 22506 | Orc:2    | Identified the +6 falchion of Starshine {vorpal, rC++ MP+9}
                  | (Okawaru gifted it to you on level 2 of the Orcish Mines)
 22506 | Orc:2    | Received a gift from Okawaru
 22908 | Orc:2    | Found Wuedu's Weapon Shoppe.
 22913 | Orc:2    | Found Noud's Weapon Shoppe.
 22937 | Orc:2    | Bought a potion of heal wounds for 70 gold pieces
 22937 | Orc:2    | Bought a potion of curing for 42 gold pieces
 22937 | Orc:2    | Bought a potion of haste for 140 gold pieces
 23160 | Orc:1    | Bought a scroll of poison for 112 gold pieces
 23160 | Orc:1    | Bought a scroll of enchant armour for 210 gold pieces
 23160 | Orc:1    | Bought a glowing helmet for 210 gold pieces
 23160 | Orc:1    | Bought a scroll of teleportation for 84 gold pieces
 23160 | Orc:1    | Bought a potion of flight for 84 gold pieces
 23160 | Orc:1    | Bought a scroll of enchant weapon for 210 gold pieces
 23160 | Orc:1    | Bought a potion of curing for 84 gold pieces
 23651 | D:12     | Received a gift from Okawaru
 23781 | D:12     | Reached skill level 9 in Conjurations
 23781 | D:12     | Reached skill level 9 in Hexes
 23781 | D:12     | Reached skill level 9 in Summonings
 23781 | D:12     | Reached skill level 9 in Necromancy
 23781 | D:12     | Reached skill level 9 in Translocations
 23781 | D:12     | Reached skill level 9 in Transmutations
 23781 | D:12     | Reached skill level 9 in Fire Magic
 23781 | D:12     | Reached skill level 9 in Ice Magic
 23781 | D:12     | Reached skill level 9 in Air Magic
 23781 | D:12     | Reached skill level 9 in Earth Magic
 23781 | D:12     | Reached skill level 9 in Poison Magic
 23792 | D:12     | Noticed a tengu reaver
 23794 | D:12     | Killed from afar by a tengu reaver

Illustrated notes

Levels and vault maps discovered:
D:1:      dpeg_arrival_water_fire, layout_basic, serial_shops, shop,
          basic_ecumenical_altar, chequers_mini_garden, minmay_misc_feat_chi
D:2:      layout_loops_corners, serial_shops, nicolae_shop_statue_plus,
          minmay_split_cup_large
D:3:      layout_loops_cross, uniq_grinder, uniq_jessica,
          uniq_crazy_yiuf_cottage
D:4:      layout_basic, serial_shops, shop, kennysheep_generic_room_9
D:5:      layout_rooms, mainiacjoe_overflow_catch_the_wave,
          minmay_temple_entry_glass, kennysheep_generic_room_5
D:6:      layout_basic, fedhas_altar_1
D:7:      layout_loops_corners, nicolae_overflows_in_rows
D:8:      layout_basic, enter_bailey_8
D:9:      layout_gridville
D:10:     layout_basic, david_lair_shrubbed, zombieorc2_lemuel,
          ebering_ghost_xom, chequers_avenue, nicolae_shop_clearance, uniq_urug
D:11:     layout_cross, serial_column_ruins, column_ruins_hut, column_ruins_hut,
          column_ruins_open_medium, column_ruins_columns_straight,
          column_ruins_grid_1, column_ruins_corridor_straight,
          column_ruins_open_medium, led_xom_imps
D:12:     layout_cave_pools, minmay_evil_grid
Lair:1:   layout_layer_cave, beast_lair_carwin_9, grunt_megastairs_5
Lair:2:   layout_roguey, elwin_shoals_entry_rocks, guppyfry_snake_entry_island
Lair:3:   layout_roguey, cheibrodos_lair_lostbears, serial_bayou_shore_a,
          uniq_fannar, uniq_rupert
Lair:4:   layout_cave_pods, disabler_island
Lair:5:   guppyfry_lair_end_dragon, layout_misc_corridors,
          hangedman_lair_caniforms_friends, slime_entry_1, st_stairs_10
Orc:1:    layout_diamond_mine, nicolae_volcano_entry_two_sided, serial_shops,
          shop, nicolae_orc_lava_room, uniq_nergalle
Orc:2:    st_orc_elflike, layout_diamond_mine, gauntlet_entry_generic

Skill      XL: |  1  2  3  4  5  6  7  8  9 10 11 12 13 14 15 |
---------------+----------------------------------------------+-----
Invocations    | 1 2 3 4 5 6 7 8 9 10 11 | 11.6
Short Blades   | 1 2 3 5 6 7 8 9 10 | 10.6
Long Blades    | 1 2 3 5 6 7 8 9 10 | 10.6
Axes           | 1 2 3 5 6 7 8 9 10 | 10.6
Polearms       | 1 2 3 5 6 7 8 9 10 | 10.6
Staves         | 1 2 3 5 6 7 8 9 10 | 10.6
Ranged Weapons | 1 2 3 5 6 7 8 9 10 | 10.6
Throwing       | 1 2 3 5 6 7 8 9 10 | 10.6
Armour         | 1 2 3 5 6 7 8 9 10 | 10.6
Shields        | 1 2 3 5 6 7 8 9 10 | 10.6
Unarmed Combat | 1 2 3 5 6 7 8 9 10 | 10.6
Spellcasting   | 1 2 3 5 6 7 8 9 10 | 10.6
Evocations     | 1 2 3 5 6 7 8 9 10 | 10.6
Conjurations   | 1 2 3 4 5 6 7 8 9 |  9.0
Hexes          | 1 2 3 4 5 6 7 8 9 |  9.0
Summonings     | 1 2 3 4 5 6 7 8 9 |  9.0
Necromancy     | 1 2 3 4 5 6 7 8 9 |  9.0
Translocations | 1 2 3 4 5 6 7 8 9 |  9.0
Transmutations | 1 2 3 4 5 6 7 8 9 |  9.0
Fire Magic     | 1 2 3 4 5 6 7 8 9 |  9.0
Ice Magic      | 1 2 3 4 5 6 7 8 9 |  9.0
Air Magic      | 1 2 3 4 5 6 7 8 9 |  9.0
Earth Magic    | 1 2 3 4 5 6 7 8 9 |  9.0
Poison Magic   | 1 2 3 4 5 6 7 8 9 |  9.0
Fighting       | 7 8 9 10 11 12 | 12.4
Maces & Flails | 7 8 9 10 11 12 | 12.4
Dodging        | 7 8 9 10 11 12 | 12.4
Stealth        | 5 6 7 8 9 10 11 | 11.4

Action                   |  1- 3 |  4- 6 |  7- 9 | 10-12 | 13-15 || total
-------------------------+-------+-------+-------+-------+-------++-------
Melee: Mace              |    99 |    16 |       |       |       ||   115
       Bite              |     8 |     4 |    43 |   125 |   299 ||   479
       Punch             |     1 |     3 |     1 |       |       ||     5
       Flail             |       |    35 |    10 |       |       ||    45
       Quarterstaff      |       |       |   240 |       |       ||   240
       Halberd           |       |       |    66 |   589 |       ||   655
       Spear             |       |       |       |   313 |   369 ||   682
       Demon trident     |       |       |       |       |  1626 ||  1626
Throw: Javelin           |       |     4 |       |       |    15 ||    19
       Dart              |       |       |       |    14 |    46 ||    60
       Boomerang         |       |       |       |       |     8 ||     8
       Throwing net      |       |       |       |       |     1 ||     1
Invok: Heroism           |       |     3 |     8 |    36 |    47 ||    94
       Finesse           |       |       |       |     1 |     7 ||     8
Evoke: Wand              |       |     3 |     1 |       |       ||     4
       Phial of floods   |       |       |       |       |     1 ||     1
  Use: Scroll            |       |     4 |     2 |     9 |    11 ||    26
       Potion            |       |     2 |     1 |     2 |     5 ||    10
 Stab: Sleeping          |    12 |     2 |     4 |    16 |     8 ||    42
       Distracted        |       |     1 |       |     2 |     5 ||     8
       Confused          |       |       |     2 |       |     1 ||     3
       Paralysed         |       |       |     1 |       |       ||     1
       Held in net/web   |       |       |       |       |     2 ||     2
Armor: Robe              |    16 |     2 |    17 |       |       ||    35
       Ring mail         |       |       |     3 |       |       ||     3
       Plate armour      |       |       |   110 |     5 |       ||   115
       Scale mail        |       |       |       |   250 |   381 ||   631
       Fire dragon scale |       |       |       |       |    25 ||    25
Dodge: Dodged            |    67 |    27 |   207 |   655 |   871 ||  1827
Block: Kite shield       |       |       |       |   142 |  1084 ||  1226
